 Dungeon Crawl Stone Soup version 0.30-a0-305-g026cb31310 (webtiles) character file.

Game seed: 14574785064241112725

310 Sobieck the Ruffian (level 6, -31/52 HPs)
             Began as a Ghoul Warper on Oct 22, 2022.
             Annihilated by an ogre
             ... wielding a +0 giant spiked club
              (36 damage)
             ... on level 4 of the Dungeon.
             The game lasted 00:06:33 (3334 turns).

Sobieck the Ruffian (Ghoul Warper)                  Turns: 3334, Time: 00:06:34

Health: -31/52     AC:  4    Str: 15    XL:     6   Next: 41%
Magic:  7/7        EV: 11    Int: 10    God:
Gold:   119        SH:  0    Dex:  8    Spells: 8/8 levels left

rFire   . . .      SeeInvis .      - Unarmed
rCold   + . .      Faith    .    (no shield)
rNeg    + + +      Spirit   .    a - +0 leather armour
rPois   ∞          Reflect  .    (no helmet)
rElec   .          Harm     .    u - +0 cloak
rCorr   .          Rampage  .    (no gloves)
Will    .....                    (no boots)
Stlth   +.........               v - amulet of the acrobat
HPRegen 0.00/turn                (no ring)
MPRegen 0.10/turn                (no ring)

@: inhibited regen
A: claws 1, cold resistance 1, negative energy resistance 3, inhibited
regeneration, torment resistance 2, devour on kill
a: no special abilities


You were on level 4 of the Dungeon.
You visited 1 branch of the dungeon, and saw 4 of its levels.

You collected 119 gold pieces.


Innate Abilities, Weirdness & Mutations

You are immune to poison.
You have sharp fingernails.
Your flesh is cold resistant. (rC+)
You are immune to negative energy. (rN+++)
You do not regenerate when monsters are visible.
You are immune to unholy pain and torment.
You thrive by killing the living.


   Skills:
 - Level 4.0 Fighting
 - Level 0.8 Throwing
 - Level 0.8 Armour
 - Level 1.7 Dodging
 * Level 6.4 Unarmed Combat
 - Level 1.7 Spellcasting
 - Level 2.6 Translocations


You had 8 spell levels left.
You didn't know any spells.
Your spell library contained the following spells:

 Spells                   Type           Power      Damage    Failure   Level
 Blink                    Tloc           12%        N/A       21%         2
 Slow                     Hex            0%         N/A       36%         1
 Gell's Gravitas          Tloc           6%         N/A       36%         3
 Lesser Beckoning         Tloc           12%        N/A       36%         3
 Teleport Other           Tloc           6%         N/A       36%         3
 Vhi's Electric Charge    Tloc/Air       6%         N/A       56%         3
 Confusing Touch          Hex            0%         N/A       75%         3
 Vampiric Draining        Necr           0%         2d6       75%         3
 Manifold Assault         Tloc           6%         N/A       78%         4
 Dispersal                Tloc           3%         N/A       100%        6

Inventory:

Hand Weapons
 b - a +0 sling
   (You found it on level 3 of the Dungeon)
 d - a +0 dagger {short}
   (You took it off a goblin on level 1 of the Dungeon)
 e - a +0 club {mace}
   (You took it off a goblin on level 1 of the Dungeon)
 f - a +0 whip {mace}
   (You took it off a kobold on level 1 of the Dungeon)
Missiles
 c - 7 boomerangs of dispersal {=f!fthrowing}
 i - 25 stones {throwing}
Armour
 a - a +0 leather armour (worn)
 l - a +0 leather armour
   (You found it on level 2 of the Dungeon)
 r - a +0 robe
   (You found it on level 2 of the Dungeon)
 u - a +0 cloak (worn)
   (You found it on level 3 of the Dungeon)
 A - a +0 leather armour
   (You found it on level 3 of the Dungeon)
 B - a +0 chain mail
   (You took it off an orc on level 3 of the Dungeon)
 D - a +0 scale mail
   (You took it off an orc on level 3 of the Dungeon)
Jewellery
 v - an amulet of the acrobat (around neck)
   (You found it on level 3 of the Dungeon)
Scrolls
 h - a scroll of immolation {!r!r}
 k - 2 scrolls of amnesia
 m - a scroll of teleportation {@r4}
 o - a scroll of fear {unknown}
 s - 2 scrolls of identify {unknown}
 x - a scroll of torment {unknown}
 y - a scroll of blinking {!r}
 z - a scroll of magic mapping {unknown}
 C - a scroll of silence {unknown}
Potions
 g - a potion of mutation {unknown}
 j - a potion of heal wounds {unknown}
 n - 3 potions of flight {unknown}
 p - a potion of berserk rage {unknown}
 q - a potion of brilliance {unknown}
 t - a potion of degeneration {unknown}

Dungeon Overview and Level Annotations

Branches:
Dungeon (4/15) Zot: 20670
 Temple: D:4-7

Altars:

Annotations:
D:4 Edmund

......#..........#...
......#..........#...
....<.#..........#.).
..... #.....<....#...
#+########..........'...
#.......##.....##...#...
#..=....##.....##...#...
#...................#...
#.....O@............#...
#....(..##..........#...
#.......##.....##...#...
#(......##.....##...#...
#(.....>#......# ###...
#.......#........ ####
#.......#.........
#.......#.........


You could see an ogre.


Message History

You hear the rapid rusting of a distant drain.
The orc wizard gestures at you while chanting.
The puff of flame hits you!
There is a stone staircase leading up here.
Danger!
Unknown command.
Unknown command.
The orc priest calls down the wrath of Beogh upon you.
Beogh smites you!
Unknown command.
You climb upwards.
There is a stone staircase leading down here.
Unknown command.
Unknown command.
You start resting.
Unknown command.
You climb downwards.
You hear the sound of rushing water.
There is an entrance to a sewer on this level.
Hurry and find it before the portal rusts away!
Level annotation: Edmund You hear the rapid rusting of a distant drain.
The orc priest calls down the wrath of Beogh upon you.
Beogh smites you!
The orc wizard gestures at you while chanting.
The puff of flame hits you.
There is a stone staircase leading up here.
Danger!
You climb upwards.
There is a stone staircase leading down here.
Unknown command.
Unknown command.
Unknown command.
Danger!
Danger!
There is a stone staircase leading down here.
Unknown command.
Unknown command.
You see here a +0 rapier {short}.
Danger!
Danger!
The sky beast flickers out of sight!
Deactivating autopickup; reactivate with Ctrl-A.
Unknown command.
There is a stone staircase leading up here.
You climb upwards.
Reactivating autopickup.
There is a stone staircase leading down here.
Unknown command.
There is a stone staircase leading down here.
Unknown command.
You start resting.
You climb downwards.
There is a stone staircase leading up here.
Unknown command.
(D) Dungeon
Where to? (Enter - D:2 @ (x,y), ? - help)
There is a stone staircase leading down here.
You climb downwards.
You hear the sound of rushing water.
There is an entrance to a sewer on this level.
Hurry and find it before the portal rusts away!
The walls and floor vibrate strangely for a moment.
Level annotation: Edmund
There is a stone staircase leading up here.
Unknown command.
Unknown command.
Unknown command.
An ogre comes into view. It is wielding a +0 giant spiked club.
Found a stone staircase leading down.
Danger!
You throw a poisoned dart {throwing}.
The poisoned dart {throwing} barely misses the ogre.
You throw a poisoned dart {throwing}.
The poisoned dart {throwing} barely misses the ogre.
You throw a poisoned dart {throwing}.
The poisoned dart {throwing} barely misses the ogre.
You throw a poisoned dart {throwing}.
The poisoned dart {throwing} hits the ogre.
The ogre is poisoned.
Unknown command.
Unknown command.
The ogre misses you.
Unknown command.
You barely miss the ogre.
The ogre hits you with a +0 giant spiked club!!
Ouch! That really hurt!
* * * LOW HITPOINT WARNING * * *
You scratch the ogre. You barely miss the ogre.
The ogre hits you with a +0 giant spiked club!
* * * LOW HITPOINT WARNING * * *
Unknown command.
You scratch the ogre.
Unknown command.
You scratch the ogre. You claw the ogre.
The ogre looks more healthy.
The ogre closely misses you.
Unknown command.
You scratch the ogre.
The ogre hits you with a +0 giant spiked club!!!
Ouch! That really hurt!
You die...

Skill      XL: |  1  2  3  4  5  6 |
---------------+-------------------+-----
Unarmed Combat | 3 4 5 6 |  6.4
Fighting       | 3 4 |  4.0
Throwing       | |  0.8
Armour         | |  0.8
Dodging        | |  1.7
Spellcasting   | |  1.7
Translocations | |  2.6

Action                   |  1- 3 |  4- 6 || total
-------------------------+-------+-------++-------
Melee: Unarmed           |   102 |   122 ||   224
       Punch             |     4 |     1 ||     5
 Fire: Sling             |       |    21 ||    21
Throw: Stone             |     6 |       ||     6
       Dart              |       |     9 ||     9
  Use: Scroll            |       |     3 ||     3
Armor: Leather armour    |    25 |    34 ||    59
Dodge: Dodged            |    43 |    66 ||   109

Levels and vault maps discovered:
D:1:      amcnicky_arrival_gap_in_the_tavern_cellar, layout_loops_ring,
          feat_on_display
D:2:      minmay_evil_eye, layout_loops_cross,
          ebering_ecumenical_altar_petrified, serial_bayou_pond_d
D:3:      layout_loops_cross, nicolae_figureground_sparkle
D:4:      layout_gridville, nemelex_diamond_rough_becter, lemuel_tele_altar,
          portal_sewer_entry_a, uniq_menkaure, uniq_duvessa, uniq_edmund

Notes
Turn   | Place    | Note
-------+----------+-------------------------------------------
     0 | D:1      | Sobieck the Ghoul Warper began the quest for the Orb.
     0 | D:1      | Reached XP level 1. HP: 17/17 MP: 2/2
    59 | D:1      | You add the spells Gell's Gravitas and Dispersal to your
                  | library.
   121 | D:1      | Reached XP level 2. HP: 12/25 MP: 3/3
   277 | D:1      | Reached skill level 3 in Unarmed Combat
   588 | D:1      | Reached XP level 3. HP: 29/30 MP: 4/4
  1012 | D:2      | Found a faded altar of an unknown god.
  1028 | D:2      | Reached skill level 3 in Fighting
  1298 | D:2      | Reached skill level 4 in Unarmed Combat
  1298 | D:2      | Reached XP level 4. HP: 27/38 MP: 5/5
  2161 | D:3      | Noticed a sky beast
  2666 | D:4      | You pick up a book of Debilitation and begin reading...
  2666 | D:4      | You add the spells Slow, Vampiric Draining and Confusing
                  | Touch to your library.
  2667 | D:4      | Noticed a black bear
  2711 | D:4      | Noticed a necrophage
  2713 | D:4      | Noticed Edmund
  2754 | D:4      | HP: 9/38 [black bear (4)]
  2755 | D:4      | HP: 4/38 [black bear (5)]
  2756 | D:4      | Killed a black bear
  2757 | D:4      | Reached skill level 4 in Fighting
  2757 | D:4      | Reached skill level 5 in Unarmed Combat
  2757 | D:4      | Reached XP level 5. HP: 7/46 MP: 6/6
  2925 | D:4      | Reached XP level 6. HP: 44/52 MP: 7/7
  3032 | D:3      | Reached skill level 6 in Unarmed Combat
  3331 | D:4      | HP: 5/52 [ogre/+0 giant spiked club (17)]
  3334 | D:4      | Annihilated by an ogre

Vanquished Creatures
  A black bear (D:4)
  A necrophage (D:3)
  A hound (D:4)
  6 adders
  2 worms
  A dart slug (D:2)
  2 orcs (D:3)
  7 ball pythons
  6 endoplasms
  4 giant cockroaches
  6 goblins
  9 hobgoblins
  4 kobolds
  2 quokkas
  4 bats
  A frilled lizard (D:2)
  7 rats
64 creatures vanquished.

Table legend:
 A = Non-vault XP
 B = Vault XP
 C = Vault XP percentage of total XP
 D = Non-vault monster count
 E = Vault monster count
 F = Vault count percentage of total count
                 A         B        C        D         E       F
            +---------+---------+-------+---------+---------+-------
      Total |     419 |      24 |   5.4 |      59 |       5 |   7.8
            +---------+---------+-------+---------+---------+-------
        D:1 |      34 |       0 |   0.0 |      21 |       0 |   0.0
        D:2 |      53 |      15 |  22.1 |      14 |       2 |  12.5
        D:3 |     164 |       0 |   0.0 |      20 |       0 |   0.0
        D:4 |     168 |       9 |   5.1 |       4 |       3 |  42.9
            +---------+---------+-------+---------+---------+-------

Illustrated notes

Table legend:
 A = Kills in this place as a percentage of kills in entire the game.
 B = Kills by you in this place as a percentage of kills by you in the entire game.
 C = Kills by friends in this place as a percentage of kills by friends in the entire game.
 D = Other kills in this place as a percentage of other kills in the entire game.
 E = Experience gained in this place as a percentage of experience gained in the entire game.
 F = Experience gained in this place divided by the number of levels of this place that you have seen.
                   A       B       C       D       E      F
               +-------+-------+-------+-------+-------+----------------------
         Total | 100.0 | 100.0 |   N/A |   N/A | 100.0 | 110.8
       Dungeon | 100.0 | 100.0 |   N/A |   N/A | 100.0 | 110.8
               +-------+-------+-------+-------+-------+----------------------

Table legend: (Time is in decaauts)
 A = Elapsed time spent in this place.
 B = Non-inter-level travel time spent in this place.
 C = Inter-level travel time spent in this place.
 D = Time resting spent in this place.
 E = Time spent auto-exploring this place.
 F = Levels seen in this place.
 G = Mean time per level.
                   A        B        C        D        E       F      G
               +--------+--------+--------+--------+--------+-----+--------+
         Total |   3328 |   3016 |    312 |    513 |   1795 |   4 |  832.0 |
       Dungeon |   3328 |   3016 |    312 |    513 |   1795 |   4 |  832.0 |
               +--------+--------+--------+--------+--------+-----+--------+

Top non-repeatable levels by time:
     D:3: 1304 daAuts
     D:2: 1036 daAuts
     D:1: 798 daAuts
     D:4: 189 daAuts
